AoeStats
← robby

MegaRandom

507120464Analyzed
2v2 RM · 17d ago on Sep 16, 2026· 149m 40s· 4 players
Game mode
Random Map
Map size
Medium (4 player)
Population
200
Speed
Normal
Resources
Standard
Victory
Conquest
Starting age
Dark Age
Ending age
Imperial Age
RankedLock teamsTeams togetherTeam positionsShared explorationLock speedFull tech treeHidden civsTurbo modeCheats
Victory
Defeat
🇬🇧 Lithuanians · United Kingdom
876
+17
🇬🇧 Sicilians · United Kingdom
876
+17
🇩🇪 Cumans · Germany
904
-17
🇳🇴 Burgundians · Norway
902
-17
robby
5:14 Loom
12:18 Feudal Age
12:46 Horse Collar
14:15 Double-Bit Axe
16:37 Castle Age
21:22 Wheelbarrow
20:36 Town Watch
24:29 Forging
26:09 Bloodlines
28:39 Iron Casting
28:10 Scale Barding Armor
30:26 Chain Barding Armor
30:48 Heavy Plow
31:01 Bow Saw
32:34 Fletching
32:45 Padded Archer Armor
32:41 Elite Skirmisher
33:34 Husbandry
34:46 Bodkin Arrow
35:06 Leather Archer Armor
43:31 Imperial Age
41:25 Scale Mail Armor
43:42 Chain Mail Armor
44:58 Bracer
45:26 Ballistics
46:07 Chemistry
45:30 Ballistics
45:07 Murder Holes
45:16 Pikeman
45:56 Squires
48:13 Stone Mining
48:14 Gold Mining
48:04 Halberdier
48:33 Arson
49:11 Fortified Wall
49:18 Masonry
52:29 Stone Shaft Mining
52:47 Ring Archer Armor
52:54 Plate Barding Armor
52:35 Chain Mail Armor
52:59 Plate Barding Armor
54:10 Hand Cart
53:58 Town Patrol
54:16 Hill Forts
54:20 Tower Shields
54:23 Hill Forts
54:48 Conscription
55:12 Hoardings
67:51 Medium Warships
70:26 Heavy Warships
73:49 Elite Cannon Galleon
77:00 Demolition Ship
102:42 Cavalier
104:11 Paladin
121:31 Two-Man Saw
bobby
10:42 Loom
13:05 Feudal Age
17:06 Horse Collar
18:35 Double-Bit Axe
19:28 Scale Mail Armor
19:39 Forging
19:33 Fletching
31:21 Castle Age
31:36 Pikeman
32:55 Iron Casting
33:37 Bow Saw
33:29 Heavy Plow
42:03 Medium Warships
41:56 Bodkin Arrow
42:19 Chain Mail Armor
42:12 Scale Barding Armor
42:44 Gold Mining
42:45 Stone Mining
42:53 Stone Mining
48:41 Imperial Age
46:53 Wheelbarrow
48:02 Caravan
49:05 Bloodlines
48:55 Husbandry
49:18 Hand Cart
49:43 Gold Shaft Mining
49:44 Stone Shaft Mining
51:58 Light Cavalry
51:59 Cavalier
53:42 Blast Furnace
53:12 Plate Mail Armor
53:03 Chain Barding Armor
52:43 Bracer
53:38 Halberdier
55:49 Elite Serjeant
56:42 Hauberk
58:04 Squires
61:43 Ballistics
62:26 Chemistry
61:47 Ballistics
61:38 Masonry
66:23 Heavy Warships
87:14 Padded Archer Armor
87:49 Plate Barding Armor
95:48 Murder Holes
96:01 Siege Engineers
95:58 Arson
105:41 Town Watch
123:03 Capped Ram
123:56 Siege Ram
138:41 Town Patrol
aliø
3:51 Loom
9:58 Wheelbarrow
12:06 Feudal Age
13:05 Town Watch
13:16 Double-Bit Axe
13:42 Fishing Lines
20:09 Castle Age
18:32 Gold Mining
18:42 Stone Mining
19:06 Bow Saw
18:57 Fletching
21:07 Hand Cart
23:45 Horse Collar
25:07 Heavy Plow
27:24 Scale Barding Armor
33:37 Imperial Age
30:51 Pikeman
32:22 Forging
33:46 Scale Mail Armor
34:31 Squires
34:17 Arson
35:00 Conscription
34:12 Halberdier
36:49 Bodkin Arrow
38:24 Sappers
39:01 Burgundian Vineyards
41:06 Iron Casting
42:00 Gold Shaft Mining
43:00 Hand Cart
44:12 Chain Barding Armor
48:06 Chain Barding Armor
47:26 Demolition Ship
48:02 Cavalier
48:42 Husbandry
48:05 Cavalier
49:13 Medium Warships
50:49 Heavy Warships
51:34 Treadmill Crane
52:23 Bracer
52:46 Ballistics
53:26 Chemistry
53:09 Plate Barding Armor
53:26 Caravan
53:37 Guilds
54:18 Murder Holes
54:39 Masonry
54:00 Paladin
55:32 Coinage
56:37 Blast Furnace
57:39 Bombard Tower
60:03 Architecture
59:17 Elite Coustillier
61:27 Careening
61:28 Clinker Construction
61:24 Siphons
62:30 Banking
63:36 Bracer
63:51 Elite Cannon Galleon
66:07 Man-at-Arms
66:32 Arson
67:05 Chain Mail Armor
67:09 Guard Tower
67:47 Carvel Hull
67:40 Incendiaries
67:16 Arrowslits
69:34 Keep
70:30 Plate Mail Armor
72:04 Padded Archer Armor
74:33 Hoardings
74:59 Town Patrol
77:27 Two-Man Saw
76:45 Leather Archer Armor
76:49 Fortified Wall
82:54 Long Swordsman
84:54 Two-Handed Swordsman
87:41 Champion
89:10 Light Cavalry
100:02 Hussar
saibot9065
11:39 Feudal Age
12:32 Double-Bit Axe
14:25 Fishing Lines
20:26 Castle Age
19:30 Scale Barding Armor
21:04 Wheelbarrow
20:37 Gold Mining
21:45 Bow Saw
25:54 Town Watch
26:38 Gillnets
28:45 Stone Mining
29:31 Gold Shaft Mining
30:35 Wheelbarrow
32:20 Hand Cart
31:57 Loom
38:29 Imperial Age
35:59 Town Patrol
38:37 Cavalier
43:02 Chain Barding Armor
42:53 Forging
44:34 Medium Warships
46:26 Iron Casting
48:03 Murder Holes
48:29 Ballistics
49:10 Chemistry
50:08 Plate Barding Armor
50:34 Blast Furnace
52:05 Two-Man Saw
50:58 Horse Collar
52:33 Heavy Plow
52:28 Paladin
53:27 Pikeman
54:08 Squires
53:53 Arson
54:14 Scale Mail Armor
55:21 Chain Mail Armor
54:32 Halberdier
56:44 Crop Rotation
58:55 Plate Mail Armor
58:58 Coinage
58:30 Caravan
60:20 Heavy Warships
60:56 Banking
60:36 Guilds
60:40 Elite Kipchak
61:28 Padded Archer Armor
61:19 Fletching
62:41 Onager
64:06 Siege Onager
70:20 Leather Archer Armor
70:00 Bodkin Arrow
95:25 Crossbowman
96:11 Thumb Ring
95:41 Elite Skirmisher
108:15 Cuman Mercenaries
108:18 Steppe Husbandry
124:08 Bloodlines
123:19 Light Cavalry
125:20 Capped Ram
126:50 Siege Ram
142:55 Hussar
Connection lost

Rejoining the realm…

Still unreachable

The connection could not be restored.

Session expired

The server has moved on; the page needs a fresh start.